 Dungeon Crawl Stone Soup version 0.30-a0-923-g828ccac5a3 (webtiles) character file.

Game seed: 17467415912805200105

228155 Aequonox the Fighter (level 19, -44/125 HPs)
             Began as a Gargoyle Earth Elementalist on Mar 21, 2023.
             Was a High Priest of Ashenzari.
             Annihilated by an azure jelly (61 damage)
             ... created by the Royal Jelly
             ... on level 5 of the Pits of Slime on Mar 22, 2023.
             The game lasted 03:41:41 (46608 turns).

Aequonox the Fighter (Gargoyle Earth Elementalist) Turns: 46608, Time: 03:41:43

Health: -44/125    AC: 31    Str: 16    XL:     19   Next: 41%
Magic:  4/29       EV: 14    Int: 27    God:    Ashenzari [*****.]
Gold:   867        SH: 23    Dex:  9    Spells: 6/45 levels left

rFire   . . .      SeeInvis +    I - +5 dagger "Per Aspera Ad Scientiam" {distort, Drain rPois Will+++ rCorr, Elem, Melee} (curse)
rCold   x . .      Faith    .    J - +0 tower shield of Curses and Power {Self, Melee} (curse)
rNeg    + + .      Spirit   .    C - +2 leather armour of Ashenzari's Vision {rF+, Fort, Comp} (curse)
rPois   ∞          Reflect  +    k - +2 helmet
rElec   +          Rampage  .    m - +0 cloak "Revealing Soothsayer" {rN+ MP-9 Str+5, Melee, Self} (curse)
rCorr   +          Clarity  +    W - +0 pair of gloves "Share My Fortune-Teller" {Int+3, Bglg, Elem} (curse)
Will    ++++.                    D - +0 pair of boots of Ashenzari's Yoke {Cun, Evo} (curse)
Stlth   +++++                    F - amulet of the Sublime Augur {Reflect rElec Int+5 Dex-5 SH+5, Cun, Alch} (curse)
HPRegen 0.00/turn                T - ring "Cursed Annoyance" {Wiz, Fort, Elem} (curse)
MPRegen 0.21/turn                H - ring "Restrained Chagrin" {MP+9, Fort, Cun} (curse)

@: about to teleport, flying, very slightly contaminated, inhibited regen
A: sickness immunity, AC +14, big wings, negative energy resistance 1,
electricity resistance, torment resistance 1, petrification resistance,
deterioration 1, dopey 1, low MP 2, screaming 1, shaggy fur 1, inhibited
regeneration, cold vulnerability 1, heat vulnerability 1, devolution 1
}: 1/15 runes: serpentine
a: Renounce Religion, Shatter the Chains


You were on level 5 of the Pits of Slime.
You worshipped Ashenzari.
Ashenzari was extremely pleased with you.
You visited 6 branches of the dungeon, and saw 32 of its levels.
You also visited: Ossuary, Gauntlet and Volcano.

You collected 3864 gold pieces.
You spent 2997 gold pieces at shops.

Inventory:

Hand Weapons
 I - the cursed +5 dagger "Per Aspera Ad Scientiam" (weapon) {distort, Drain rPois Will+++ rCorr, Elem, Melee}
   (You took it off a kobold demonologist on level 13 of the Dungeon)

   rPois:     It protects you from poison.
   rCorr:     It protects you from acid and corrosion.
   Drain:     It drains your maximum health when unequipped.
   Will:      It greatly increases your willpower.
   It has a curse which improves the following skills: Elements: Fire Magic, Ice
   Magic, Air Magic and Earth Magic.
   Melee Combat: Short Blades, Long Blades, Axes, Maces & Flails, Polearms,
   Staves and Unarmed Combat.
 Z - the +4 long sword of Bedazzled Tortfeasance {pain, rPois rN+++ MP+9 Int-5}
   (You found it on level 4 of the Lair of Beasts)

   Int:       It affects your intelligence (-5).
   rPois:     It protects you from poison.
   rN:        It renders you almost immune to negative energy.
   MP:        It affects your magic capacity (+9).
Armour
 b - the +2 robe "Kurchoxt" {rF+ rCorr Stlth-}
   (You found it on level 5 of the Lair of Beasts)

   rF:        It protects you from fire.
   rCorr:     It protects you from acid and corrosion.
   Stlth:     It makes you less stealthy.
 c - the +2 plate armour "Xegaism" {rElec Dex+3}
   (You bought it in a shop on level 2 of the Snake Pit)

   Dex:       It affects your dexterity (+3).
   rElec:     It insulates you from electricity.
 k - a +2 helmet (worn)
 m - the cursed +0 cloak "Revealing Soothsayer" (worn) {rN+ MP-9 Str+5, Melee, Self}
   (You found it in a Gauntlet)

   Str:       It affects your strength (+5).
   rN:        It protects you from negative energy.
   MP:        It affects your magic capacity (-9).
   It has a curse which improves the following skills: Melee Combat: Short
   Blades, Long Blades, Axes, Maces & Flails, Polearms, Staves and Unarmed
   Combat.
   Introspection: Fighting and Spellcasting.
 C - the cursed +2 leather armour of Ashenzari's Vision (worn) {rF+, Fort, Comp}
   (You found it on level 6 of the Dungeon)

   It has a curse which improves the following skills: Fortitude: Armour and
   Shields.
   Companions: Summonings and Necromancy.
 D - the cursed +0 pair of boots of Ashenzari's Yoke (worn) {Cun, Evo}
   (You found it on level 6 of the Dungeon)

   It has a curse which improves the following skills: Cunning: Dodging and
   Stealth.
   Evocations: Evocations.
 J - the cursed +0 tower shield of Curses and Power (worn) {Self, Melee}
   (You found it on level 8 of the Dungeon)

   It has a curse which improves the following skills: Introspection: Fighting
   and Spellcasting.
   Melee Combat: Short Blades, Long Blades, Axes, Maces & Flails, Polearms,
   Staves and Unarmed Combat.
 W - the cursed +0 pair of gloves "Share My Fortune-Teller" (worn) {Int+3, Bglg, Elem}
   (You found it on level 10 of the Dungeon)

   Int:       It affects your intelligence (+3).
   It has a curse which improves the following skills: Beguiling: Conjurations,
   Hexes and Translocations.
   Elements:  Fire Magic, Ice Magic, Air Magic and Earth Magic.
 Y - the +1 ring mail "Runoasat" {rC- rN+++ Will+ Int+3}
   (You bought it in a shop on level 10 of the Dungeon)

   Int:       It affects your intelligence (+3).
   rC:        It makes you vulnerable to cold.
   rN:        It renders you almost immune to negative energy.
   Will:      It increases your willpower.
Magical Staves
 r - the staff of cold "Memell" {+Blink rC+ Int+2 Dex-2}
   (You found it in a Gauntlet)

   [staff of cold]

   Base accuracy: +5 Base damage: 5 Base attack delay: 1.2 This weapon's minimum
   attack delay (0.6) is reached at skill level 12.
   Int:       It affects your intelligence (+2).
   Dex:       It affects your dexterity (-2).
   rC:        It protects you from cold.
   +Blink:    It lets you blink.
   It falls into the 'Staves' category.
   It is a one-handed weapon.
Jewellery
 n - a +6 ring of strength
 u - a +6 ring of dexterity
 v - a ring of resist corrosion
 F - the cursed amulet of the Sublime Augur (around neck) {Reflect rElec Int+5 Dex-5 SH+5, Cun, Alch}
   (You acquired it on level 5 of the Lair of Beasts)

   [amulet of reflection]

   It reflects blocked missile attacks.
   Int:       It affects your intelligence (+5).
   Dex:       It affects your dexterity (-5).
   rElec:     It insulates you from electricity.
   SH:        It affects your SH (+5).
   It has a curse which improves the following skills: Cunning: Dodging and
   Stealth.
   Alchemy:   Poison Magic and Transmutations.
 H - the cursed ring "Restrained Chagrin" (right hand) {MP+9, Fort, Cun}
   (You found it on level 9 of the Dungeon)

   [ring of magical power]

   MP:        It affects your magic capacity (+9).
   It has a curse which improves the following skills: Fortitude: Armour and
   Shields.
   Cunning:   Dodging and Stealth.
 K - an amulet of reflection
 T - the cursed ring "Cursed Annoyance" (left hand) {Wiz, Fort, Elem}
   (You found it on level 2 of the Lair of Beasts)

   [ring of wizardry]

   It improves your spell success rate.
   It has a curse which improves the following skills: Fortitude: Armour and
   Shields.
   Elements:  Fire Magic, Ice Magic, Air Magic and Earth Magic.
 U - a ring of protection from fire
Wands
 a - a wand of roots (41)
 E - a wand of charming (15)
 V - a wand of flame (7)
Scrolls
 d - 9 scrolls of teleportation
 f - 5 scrolls of enchant weapon
 p - 9 scrolls of magic mapping
 q - 3 scrolls of butterflies
 s - 3 scrolls of vulnerability
 t - 4 scrolls of fog
 y - 2 scrolls of blinking
 M - 7 scrolls of amnesia
 P - 3 scrolls of enchant armour
 Q - 3 scrolls of fear
 R - 7 scrolls of poison
 S - a scroll of silence
Potions
 e - 6 potions of invisibility
 g - 9 potions of lignification
 j - 7 potions of curing
 o - 6 potions of haste
 w - 5 potions of brilliance
 x - 2 potions of might
 z - 7 potions of attraction
 A - 4 potions of mutation
 B - a potion of resistance
 G - a potion of magic
 N - 2 potions of berserk rage
 X - a potion of cancellation
Miscellaneous
 i - a piece from Xom's chessboard (15/15)
 O - a phial of floods


   Skills:
 - Level 12.6(15.7) Fighting
 - Level 8.5(12.7) Short Blades
 - Level 11.6(15.8) Armour
 - Level 9.6(13.7) Dodging
 - Level 10.1(14.3) Stealth
 - Level 11.8(16.0) Shields
 - Level 10.5(13.6) Spellcasting
 - Level 12.0(14.1) Conjurations
 - Level 2.2(3.9) Hexes
 - Level 2.1(3.8) Summonings
 - Level 4.5(6.5) Necromancy
 - Level 7.6(9.9) Translocations
 - Level 1.0(2.2) Transmutations
 + Level 8.5(12.7) Fire Magic
 - Level 4.4(8.2) Ice Magic
 + Level 9.7(13.9) Air Magic
 - Level 10.1(14.3) Earth Magic


You had 6 spell levels left.
You knew the following spells:

 Your Spells              Type           Power      Damage    Failure   Level
a - Sandblast             Erth           100%       2d20      1%          1
b - Stone Arrow           Conj/Erth      100%       3d13      1%          3
c - Passwall              Tmut/Erth      48%        N/A       1%          2
d - Blink                 Tloc           100%       N/A       1%          2
e - Arcjolt               Conj/Air       38%        1d48      1%          5
f - Swiftness             Air            76%        N/A       1%          3
g - Petrify               Tmut/Erth      58%        N/A       1%          4
h - Hailstorm             Conj/Ice       68%        3d14      1%          3
i - Freezing Cloud        Conj/Ice/Air   35%        6-21      1%          5
j - Ice Form              Ice/Tmut       46%        N/A       4%          4
k - Plasma Beam           Fire/Air       37%        2x1d55    1%          5
l - Call Imp              Summ           38%        N/A       1%          2

Your spell library contained the following spells:

 Spells                   Type           Power      Damage    Failure   Level
 Apportation              Tloc           100%       N/A       1%          1
 Beastly Appendage        Tmut           60%        N/A       1%          1
 Kiss of Death            Conj/Necr      100%       2d13      1%          1
 Magic Dart               Conj           100%       1d8       1%          1
 Necrotise                Necr           100%       1d9       1%          1
 Summon Small Mammal      Summ           100%       N/A       1%          1
 Ensorcelled Hibernation  Hex/Ice        100%       N/A       1%          2
 Lesser Beckoning         Tloc           100%       N/A       1%          2
 Momentum Strike          Conj/Tloc      100%       3d10      1%          2
 Static Discharge         Conj/Air       100%       2-7/arc   1%          2
 Ignite Poison            Fire/Tmut/Pois 45%        N/A       1%          3
 Inner Flame              Hex/Fire       59%        N/A       1%          3
 Kindle Blastsparks       Fire/Tloc/Air  100%       2d18      1%          3
 Mephitic Cloud           Conj/Pois/Air  62%        N/A       1%          3
 Portal Projectile        Hex/Tloc       100%       N/A       1%          3
 Vhi's Electric Charge    Tloc/Air       100%       N/A       1%          3
 Sting                    Tmut/Pois      100%       1d8       2%          1
 Wereblood                Tmut           30%        N/A       2%          2
 Confusing Touch          Hex            39%        N/A       2%          3
 Tukima's Dance           Hex            39%        N/A       2%          3
 Dispel Undead            Necr           52%        3d19      3%          4
 Spider Form              Tmut/Pois      25%        N/A       8%          3
 Simulacrum               Ice/Necr       27%        N/A       32%         6
 Death Channel            Necr           26%        N/A       41%         6
 Blade Hands              Tmut           15%        N/A       43%         5
 Enfeeble                 Hex            19%        N/A       99%         7
 Cigotuvi's Dreadful Rot  Necr/Pois/Air  Unusable   N/A       N/A         2

Dungeon Overview and Level Annotations

Branches:
Dungeon (15/15)            Temple (1/1) D:6            Lair (5/5) D:8
 Shoals (0/4) Lair:3        Snake (4/4) Lair:3        Slime (5/5) Lair:4
    Orc (2/2) D:9             Elf (0/3) Orc:2        Vaults (0/5) D:13
 Depths (0/4) D:15        Ossuary (visited)         Volcano (visited)
Gauntlet (visited)

Altars:
Ashenzari
Dithmenos
Fedhas
Gozag
Hepliaklqana
Kikubaaqudgha
Makhleb
Nemelex Xobeh
Qazlal
Ru
Sif Muna
Vehumet
Wu Jian
Yredelemnul
The Shining One
Jiyva
Lugonu

Shops:
D:1 (   D:5 (   D:10 [   D:13 !   D:15 [   Orc:1 *(=(   Orc:2 [*[?   Snake:2 *
Snake:3 =:=   Snake:4 *

Portals:
Abyss: D:13
Trove: D:14 (give +5 fire dragon scales)

Annotations:
Temple 4 transporters
Snake:4 Roxanne
Slime:3 exclusion: shining eye
Slime:5 Royal Jelly


Innate Abilities, Weirdness & Mutations

You are immune to sickness and miasma.
Your stone body is resilient. (AC +14)
You are immune to poison.
Your large and strong wings let you fly.
You resist negative energy. (rN+)
You are resistant to electric shocks. (rElec)
You are resistant to unholy torment.
You are immune to petrification.
Your body sometimes deteriorates upon taking damage.
You are dopey. (Int -2)
Your magical capacity is very low. (-20% MP)
You occasionally shout uncontrollably at your foes.
You are covered in fur. (AC +1)
You do not regenerate when monsters are visible.
You are vulnerable to cold. (rC-)
You are vulnerable to heat. (rF-)
You have hidden genetic defects.


Message History

Casting: Plasma Beam (mildly dangerous; 1% risk of failure)
Confirm with . or Enter, or press ? or * to list all spells.
Casting: Plasma Beam (mildly dangerous; 1% risk of failure)
Press: ? - help, Dir - look around, f - activate The bolt of lightning hits the slime creature.
The slime creature is lightly wounded.
The fiery plasma hits the slime creature.
The slime creature is lightly wounded.
The azure jelly hits you! The azure jelly freezes you!!
You feel a terrible chill! You block the azure jelly's attack. x2
The azure jelly hits you but does no damage.
Casting: Plasma Beam (mildly dangerous; 1% risk of failure)
Confirm with . or Enter, or press ? or * to list all spells.
You don't have enough magic to cast this spell.
Unknown command.
You are too injured to fight recklessly!
Casting: Plasma Beam (mildly dangerous; 1% risk of failure)
Confirm with . or Enter, or press ? or * to list all spells.
Aiming: Sandblast (safe; 1% risk of failure)
Press: ? - help, Shift-Dir - straight line, f - azure jelly
Aim: an azure jelly (85% to hit)
The blast of sand hits the azure jelly!
The azure jelly is lightly wounded.
The azure jelly closely misses you. You block the azure jelly's attack.
The azure jelly barely misses you. You block the azure jelly's attack.
The slime creature hits you but does no damage.
You block the azure jelly's attack. The azure jelly hits you.
The azure jelly freezes you!!!
You feel a terrible chill!
* * * LOW HITPOINT WARNING * * *
The azure jelly hits you but does no damage.
You block the azure jelly's attack.
Blink to where?
Press: ? - help, Dir - move target, p - azure jelly
As you read the scroll of blinking, it crumbles to dust.
As you read the scroll of teleportation, it crumbles to dust.
You feel strangely unstable.
You feel better. The azure jelly hits you.
* * * LOW HITPOINT WARNING * * *
The azure jelly freezes you!!!
You feel a terrible chill!
You die...

,..,,, *#!|?[[#.##$|)"[#
#...... ..., ,
#?!:(##..##$[$)# #......
,.... ***#[)#}##.#}#/?#*
*......
.....#########..######**
.....
........#...#.._.#...#.
,..... ,,
*#...#........#...*, .....
, ,,,
,########J.#######**,.....
,, , ,
##?$#[##J#[#$[#**,,.....
,,,,, *#?))!##@.##$)[!#
..... ,,,,,,*
#$:|:$#.##):φ|)# ,..... ,,
, ,,##)[:##..##[|$##* ....
,,, , ##!)[##.#∆![##*
,,.... ...........##(#
..#*)##* .... ...........#
** .## ** ,, ....
............ , ,., * ,
.... ............, ,,, ,,
, .... ............,, ,,,,
, , ,,....


You could see an azure jelly and a slime creature.

Vanquished Creatures
  Vashnia (Snake:2)
  Jorgrun (D:13)
  15 acid blobs
  Kirke (Lair:4)
  8 nagarajas
  6 rockslimes
  4 azure jellies
  Aizul (Snake:2)
  The ghost of Caage the Lord of Darkness, a journeyman DsNe of Kikubaaqudgha (Snake:2)
  7 quicksilver oozes
  An ironbound preserver (D:13)
  A stone giant (D:15)
  A minotaur (Gauntlet)
  A fire dragon (D:14)
  2 salamander tyrants
  Erolcha (Orc:2)
  3 great orbs of eyes
  6 hydras
  A rakshasa (D:14)
  The ghost of P0WERM0DE the Geomancer, a novice DrEE of Cheibriados (D:11)
  4 anacondas
  8 two-headed ogres
  A catoblepas (D:15)
  4 centaur warriors
  2 boulder beetles
  18 naga warriors
  5 death yaks (Lair:5)
  3 tengu warriors
  17 naga sharpshooters
  5 shock serpents
  Nergalle (D:10)
  5 orc high priests (Orc:2)
  2 skysharks
  2 skeletal warriors (Volcano)
  A salamander mystic (Snake:4)
  A sixfirhy (Gauntlet)
  A glowing orange brain (Slime:5)
  8 naga ritualists
  2 wizards (D:11)
  3 deep elf pyromancers
  An anaconda skeleton (Volcano)
  3 orc knights
  An obsidian statue (Snake:2)
  An oklob plant (D:10)
  A wolf spider (Lair:5)
  8 shining eyes
  8 ugly things
  An orc sorcerer (Orc:2)
  10 mana vipers
  7 cyclopes
  A worldbinder (Gauntlet)
  7 guardian serpents
  13 salamanders
  A moth of wrath (D:11)
  8 elephants (Lair:5)
  6 manticores
  A black mamba (shapeshifter) (D:15)
  44 black mambas
  6 eyes of devastation
  11 naga magi
  6 gargoyles
  16 cane toads
  Maggie (D:8)
  7 torpor snails
  6 rime drakes
  An unseen horror (D:13)
  7 kobold demonologists
  13 komodo dragons
  2 freezing wraiths (D:15)
  A tengu conjurer (D:13)
  A harpy skeleton (Volcano)
  A queen bee (shapeshifter) (D:13)
  15 trolls
  11 polar bears
  18 blink frogs
  4 hornets
  5 dream sheep (Lair:5)
  A blink frog (shapeshifter) (D:15)
  4 raiju
  3 flying skulls (Volcano)
  82 slime creatures
  2 shadows
  A wraith (D:14)
  3 alligator skeletons (Volcano)
  4 vampires
  8 wyverns
  75 yaks
  A golden eye (Gauntlet)
  2 hogs (Lair:3)
  4 basilisks
  2 steam dragons
  8 vampire mosquitoes
  Grum (D:10)
  3 redbacks (Lair:5)
  13 wargs
  27 nagas
  14 hell hounds (Lair:5)
  An acid dragon (D:11)
  29 water moccasins
  Duvessa (D:6)
  13 orc warriors
  20 black bears
  A floating eye (Slime:3)
  6 ogres
  A sky beast (D:7)
  31 wolves
  2 boggarts (Gauntlet)
  4 centaurs (D:11)
  2 phantoms (D:9)
  3 kobold brigands
  5 scorpions
  12 bullfrogs
  4 water moccasin zombies (Ossuary)
  A troll zombie (D:9)
  12 wights
  Dowan (D:6)
  12 killer bees (D:11)
  4 troll skeletons (Volcano)
  3 electric eels
  8 howler monkeys
  A spriggan skeleton (Volcano)
  An oklob sapling (D:10)
  7 hounds
  37 orc priests
  Jessica (D:2)
  An iguana (D:6)
  2 sleepcaps
  22 orc wizards
  5 hell rats (Lair:5)
  5 ogre zombies (D:9)
  A naga skeleton (Volcano)
  2 mummies (Ossuary)
  3 gnolls
  11 adders
  A shadow imp (D:6)
  3 ufetubi (Gauntlet)
  5 adder zombies (Ossuary)
  3 worms
  69 orcs
  14 ball pythons
  7 endoplasms
  4 giant cockroaches
  3 goblins
  7 hobgoblins
  6 jackals
  3 bats
  2 frilled lizards (D:1)
  2 gnoll zombies (Ossuary)
  3 goblin skeletons (D:9)
  4 goblin zombies (D:9)
  3 hobgoblin zombies (Ossuary)
  6 kobolds
  5 kobold zombies (Ossuary)
  2 orc skeletons (D:9)
  15 orc zombies
  6 rats
1116 creatures vanquished.

Vanquished Creatures (others)
  An orc high priest (Orc:2)
  A naga warrior (Snake:3)
  A human (Lair:4)
  A steam dragon (Gauntlet)
  2 bushes (Lair:5)
  35 demonic plants (Gauntlet)
  42 fungi
  93 plants
176 creatures vanquished.

Grand Total: 1292 creatures vanquished

Notes
Turn   | Place    | Note
-------+----------+-------------------------------------------
     0 | D:1      | Aequonox the Gargoyle Earth Elementalist began the quest
                  | for the Orb.
     0 | D:1      | Reached XP level 1. HP: 10/10 MP: 3/3
    42 | D:1      | Found Puasaing's Weapon Shoppe.
   208 | D:1      | Reached skill level 1 in Transmutations
   208 | D:1      | Reached XP level 2. HP: 15/15 MP: 1/5
   808 | D:1      | Reached XP level 3. HP: 19/19 MP: 4/6
  1294 | D:2      | Noticed Jessica
  1299 | D:2      | Killed Jessica
  1300 | D:2      | Reached skill level 1 in Conjurations
  1300 | D:2      | Reached XP level 4. HP: 24/24 MP: 3/7
  1885 | D:3      | Found a broken altar of Ashenzari.
  2213 | D:3      | Became a worshipper of Ashenzari the Shackled
  2263 | D:3      | Found a stormy altar of Qazlal.
  2424 | D:4      | Reached XP level 5. HP: 25/28 MP: 3/9
  2719 | D:4      | Noticed a black bear
  2724 | D:4      | Killed a black bear
  2815 | D:4      | Reached XP level 6. HP: 32/32 MP: 4/10
  2910 | D:4      | Noticed a black bear
  2916 | D:4      | Killed a black bear
  2917 | D:4      | Reached skill level 5 in Earth Magic
  3096 | D:4      | Reached XP level 7. HP: 33/36 MP: 7/12
  3696 | D:5      | Entered Level 5 of the Dungeon
  3696 | D:5      | Noticed a shadow
  3729 | D:4      | Killed a shadow
  3959 | D:5      | HP: 1/36 [gnoll sergeant/+0 trident (10)]
  4029 | D:5      | Reached skill level 5 in Stealth
  4049 | D:5      | Found Natazaus's Weapon Shop.
  4054 | D:5      | Noticed a yak
  4054 | D:5      | Noticed a yak
  4106 | D:5      | Found a sand-covered staircase.
  4110 | Ossuary  | Entered an ossuary
  4310 | Ossuary  | Reached XP level 8. HP: 41/41 MP: 9/14
  4727 | D:5      | Learned a level 3 spell: Stone Arrow
  4775 | D:5      | Found an ornate altar of the Wu Jian Council.
  4875 | D:5      | Noticed a yak
  4877 | D:5      | Noticed a yak
  5095 | D:6      | Found a staircase to the Ecumenical Temple.
  5123 | D:6      | Noticed Duvessa
  5385 | D:6      | Noticed a vampire
  5432 | D:6      | Noticed Dowan
  5466 | D:7      | Reached skill level 5 in Conjurations
  5513 | D:7      | Reached XP level 9. HP: 45/45 MP: 9/16
  5884 | D:7      | Reached skill level 5 in Spellcasting
  7268 | D:6      | Killed Duvessa
  7269 | D:6      | Reached skill level 1 in Armour
  7269 | D:6      | Reached skill level 1 in Shields
  7390 | D:6      | Killed Dowan
  7731 | D:8      | Noticed Maggie
  8057 | D:8      | Noticed a troll
  8763 | D:9      | Reached skill level 5 in Dodging
  8763 | D:9      | Reached XP level 10. HP: 37/50 MP: 18/18
  9036 | D:9      | Found a staircase to the Orcish Mines.
  9545 | D:8      | Reached * piety under Ashenzari
  9564 | D:8      | Killed Maggie
  9911 | D:8      | Reached skill level 5 in Shields
  9974 | D:8      | Found a staircase to the Lair.
 10017 | D:8      | Reached skill level 5 in Armour
 10620 | D:9      | Reached ** piety under Ashenzari
 10939 | D:9      | Learned a level 2 spell: Passwall
 11033 | D:10     | Entered Level 10 of the Dungeon
 11125 | D:10     | Noticed a two-headed ogre
 11130 | D:10     | Killed a two-headed ogre
 11212 | D:10     | Identified the +4 flail "Miz Caot" {flame, rC+}
 11259 | D:10     | Reached skill level 1 in Summonings
 11259 | D:10     | Reached XP level 11. HP: 51/54 MP: 9/20
 11450 | D:10     | Found an ancient bone altar of Kikubaaqudgha.
 11457 | D:10     | Found a shimmering blue altar of Sif Muna.
 11457 | D:10     | Found a hazy altar of Hepliaklqana.
 11464 | D:10     | Noticed Nergalle
 11516 | D:10     | Reached skill level 1 in Short Blades
 11588 | D:10     | Noticed Grum
 11590 | D:10     | Reached skill level 1 in Necromancy
 11596 | D:10     | Killed Grum
 11639 | D:10     | Noticed an oklob plant
 11837 | D:10     | Found a sparkling altar of Nemelex Xobeh.
 11884 | D:10     | Found Jeum's Antique Armour Emporium.
 11953 | D:10     | Identified the +0 pair of gloves of Ceriseiv {Int+3}
 12205 | D:10     | Killed an oklob plant
 12323 | D:10     | Identified Itiroedoo's Atlas of Nature
 12439 | D:10     | Reached skill level 10 in Spellcasting
 12439 | D:10     | Reached XP level 12. HP: 59/59 MP: 20/26
 12648 | D:11     | Noticed a two-headed ogre
 12648 | D:11     | Identified the +3 short sword "Qusicipo" {elec, Will++
                  | Str-3 Int+4 Dex+4}
 12656 | D:11     | Killed a two-headed ogre
 12901 | D:11     | Found a hazy altar of Hepliaklqana.
 13086 | D:11     | Reached *** piety under Ashenzari
 13145 | D:11     | Reached skill level 1 in Fighting
 13234 | D:11     | Reached skill level 1 in Translocations
 13237 | D:11     | Identified the Vademecum on Moving Bewitchment
 13248 | D:11     | Learned a level 2 spell: Blink
 13275 | D:11     | Found a transporter.
 13276 | D:11     | Noticed P0WERM0DE's ghost (novice DrEE)
 13283 | D:11     | Noticed a boulder beetle
 13391 | D:11     | Found a transporter.
 13492 | Lair:1   | Entered Level 1 of the Lair of Beasts
 13580 | Lair:1   | Reached skill level 1 in Hexes
 13743 | Lair:1   | Reached XP level 13. HP: 70/70 MP: 27/28
 14318 | Lair:1   | Found an ornate altar of the Wu Jian Council.
 14829 | Lair:2   | Found a sacrificial altar of Ru.
 15450 | Lair:2   | Reached **** piety under Ashenzari
 15455 | Lair:2   | Reached skill level 1 in Air Magic
 15853 | Lair:3   | Reached skill level 5 in Fighting
 15877 | Lair:3   | Found a dark tunnel.
 15886 | Volcano  | Entered a volcano
 17050 | Lair:3   | Gained mutation: Your large and strong wings let you fly.
                  | [Gargoyle growth]
 17050 | Lair:3   | Reached XP level 14. HP: 82/82 MP: 14/30
 17076 | Lair:3   | Reached skill level 10 in Earth Magic
 17177 | Lair:3   | Found a staircase to the Snake Pit.
 17346 | Lair:3   | Found a staircase to the Shoals.
 17953 | D:10     | Bought a bloodstained ring mail for 234 gold pieces
 17953 | D:10     | Identified the +1 ring mail of Summertime {rF+} (You bought
                  | it in a shop on level 10 of the Dungeon)
 17953 | D:10     | Bought a pitted ring mail for 234 gold pieces
 17953 | D:10     | Identified the +1 ring mail "Runoasat" {rC- rN+++ Will+
                  | Int+3} (You bought it in a shop on level 10 of the Dungeon)
 18012 | D:10     | Killed Nergalle
 18013 | D:10     | Reached skill level 5 in Translocations
 18070 | D:11     | Learned a level 5 spell: Arcjolt
 18082 | D:11     | Killed P0WERM0DE's ghost
 18442 | Lair:4   | Noticed Kirke
 18599 | Lair:4   | Killed Kirke
 18707 | Lair:4   | Identified the +4 long sword of Bedazzled Tortfeasance
                  | {pain, rPois rN+++ MP+9 Int-5}
 19073 | Lair:4   | Found a staircase to the Slime Pits.
 19073 | Lair:4   | Found a viscous altar of Jiyva.
 19642 | Lair:5   | Entered Level 5 of the Lair of Beasts
 19643 | Lair:5   | Found a hazy altar of Hepliaklqana.
 20025 | Lair:5   | Identified a scroll of acquirement
 20042 | Lair:5   | Acquired the amulet "Syaggag" {Reflect rElec Int+5 Dex-5
                  | SH+5}
 20079 | Lair:5   | Reached skill level 5 in Short Blades
 20114 | Lair:5   | Reached XP level 15. HP: 53/92 MP: 15/30
 20347 | Lair:5   | Learned a level 3 spell: Swiftness
 21142 | Lair:5   | Identified the +2 robe "Kurchoxt" {rF+ rCorr Stlth-}
 22370 | Lair:5   | Reached skill level 5 in Air Magic
 22930 | Orc:1    | Entered Level 1 of the Orcish Mines
 23432 | Orc:1    | Found Piwusoj's Weapon Emporium.
 23506 | Orc:1    | Found Leurejucro's Assorted Antiques.
 23515 | Orc:1    | Bought 2 potions of heal wounds for 290 gold pieces
 23632 | Orc:1    | Found Hidap's Jewellery Emporium.
 23637 | Orc:1    | Reached skill level 10 in Conjurations
 23664 | Orc:1    | Found Vereum's Antique Weapon Boutique.
 23737 | Orc:2    | Entered Level 2 of the Orcish Mines
 24050 | Orc:2    | Found a staircase to the Elven Halls.
 24259 | Orc:2    | Noticed Erolcha
 24275 | Orc:2    | Killed Erolcha
 24599 | Orc:2    | Found Kulum's Assorted Antiques.
 24599 | Orc:2    | Found Cujupt's Armour Shoppe.
 24723 | Orc:2    | Reached skill level 10 in Fighting
 24942 | Orc:2    | Found Duibb's Magic Scroll Boutique.
 24942 | Orc:2    | Found Hiwug's Antique Armour Shoppe.
 24948 | Orc:2    | Bought a scroll of blinking for 105 gold pieces
 24948 | Orc:2    | Bought a scroll of enchant armour for 105 gold pieces
 24948 | Orc:2    | Bought a scroll of enchant armour for 105 gold pieces
 24948 | Orc:2    | Bought a scroll of enchant weapon for 105 gold pieces
 25162 | Orc:2    | Reached ***** piety under Ashenzari
 25251 | Orc:2    | Reached XP level 16. HP: 101/101 MP: 32/32
 25963 | D:12     | Reached skill level 10 in Shields
 27141 | D:13     | Reached skill level 10 in Armour
 27181 | D:13     | Found a large runed translucent door.
 27181 | D:13     | Found a large runed translucent door.
 27182 | D:13     | Found a corrupted altar of Lugonu.
 27186 | D:13     | Identified the +5 dagger of the Crushed Nights {distort,
                  | Drain rPois Will+++ rCorr}
 27186 | D:13     | Identified the +0 robe "Bacsu" {rN+ Regen+ Dex+3}
 27244 | D:13     | Found Pock's Distillery.
 27251 | D:13     | Bought a potion of heal wounds for 70 gold pieces
 27251 | D:13     | Bought a potion of heal wounds for 70 gold pieces
 27251 | D:13     | Bought a potion of resistance for 140 gold pieces
 27361 | D:13     | Noticed Jorgrun
 27587 | Temple   | Entered the Ecumenical Temple
 27587 | Temple   | Found a transporter.
 27587 | Temple   | Found a transporter.
 27589 | Temple   | Found a transporter.
 27589 | Temple   | Found a transporter.
 27865 | D:13     | Found a one-way gate to the infinite horrors of the Abyss.
 28145 | D:13     | Found a gate to the Vaults.
 28150 | D:13     | Killed Jorgrun
 29632 | D:14     | Found a portal to a secret trove of treasure.
 29699 | D:15     | Entered Level 15 of the Dungeon
 29727 | D:15     | Found Tuqume's Armour Boutique.
 29799 | D:15     | Found a gate leading to a gauntlet.
 29805 | Gauntlet | Entered a Gauntlet
 29805 | Gauntlet | Identified the ring "Niuzynk" {rF+ rC+}
 29805 | Gauntlet | Found a transporter.
 29805 | Gauntlet | Found a transporter.
 29805 | Gauntlet | Found a transporter.
 29809 | Gauntlet | Found a transporter.
 29809 | Gauntlet | Found a transporter.
 29821 | Gauntlet | Found a transporter.
 29842 | Gauntlet | Found a transporter.
 29863 | Gauntlet | Identified the +0 cloak "Qifych" {rN+ MP-9 Str+5}
 29865 | Gauntlet | Found a transporter.
 29887 | Gauntlet | Found a transporter.
 29891 | Gauntlet | Found a transporter.
 29908 | Gauntlet | Found a transporter.
 29945 | Gauntlet | Identified the +5 mace of Pian {heavy, rN+ Str+4}
 29959 | Gauntlet | Found a transporter.
 29963 | Gauntlet | Identified the ring of Saokk {Ice Fly rN+}
 30188 | Gauntlet | a frost giant changed into a sphinx
 30188 | Gauntlet | Noticed a sphinx (glowing shapeshifter)
 30189 | Gauntlet | a sphinx changed into a fenstrider witch
 30189 | Gauntlet | Noticed a fenstrider witch (glowing shapeshifter)
 30192 | Gauntlet | a fenstrider witch changed into a dire elephant
 30464 | Gauntlet | a stone giant changed into an azure jelly
 30464 | Gauntlet | Noticed an azure jelly (glowing shapeshifter)
 30465 | Gauntlet | an azure jelly changed into a dire elephant
 30510 | Gauntlet | Learned a level 4 spell: Petrify
 30511 | Gauntlet | Identified the staff of cold "Memell" {+Blink rC+ Int+2
                  | Dex-2}
 30511 | Gauntlet | Identified the +6 great sword "Dodghea" {spect, Drain Str+2
                  | Int+3 Dex+3}
 30667 | D:15     | Found a staircase to the Depths.
 30830 | D:15     | Found a shadowy altar of Dithmenos.
 31603 | D:15     | Identified the +2 robe "Paoseruk" {Will+}
 32036 | Snake:1  | Entered Level 1 of the Snake Pit
 32898 | Snake:1  | Reached ****** piety under Ashenzari
 33053 | Snake:1  | Reached XP level 17. HP: 103/113 MP: 19/35
 33058 | Snake:1  | Reached skill level 1 in Ice Magic
 34466 | Snake:2  | Found a runed translucent gate.
 34467 | Snake:2  | Found a runed translucent gate.
 34467 | Snake:2  | Found an opulent altar of Gozag.
 34468 | Snake:2  | Found a runed translucent gate.
 34469 | Snake:2  | Found Xeof's Assorted Antiques.
 34469 | Snake:2  | Noticed Vashnia
 34725 | Snake:2  | Noticed Caage's ghost (journeyman DsNe)
 34750 | Snake:2  | Killed Vashnia
 34945 | Snake:2  | Learned a level 3 spell: Hailstorm
 34953 | Snake:2  | Learned a level 5 spell: Freezing Cloud
 34958 | Snake:2  | Reached skill level 1 in Fire Magic
 35236 | Snake:2  | Killed Caage's ghost
 35658 | Snake:2  | Bought a shimmering plate armour for 1064 gold pieces
 35658 | Snake:2  | Identified the +2 plate armour "Xegaism" {rElec Dex+3} (You
                  | bought it in a shop on level 2 of the Snake Pit)
 35877 | Snake:2  | Bought a smoking sapphire amulet for 190 gold pieces
 35877 | Snake:2  | Identified the amulet "Tuoroir" {Regen+ Str+3} (You bought
                  | it in a shop on level 2 of the Snake Pit)
 35952 | Snake:3  | Noticed Aizul
 36015 | Snake:2  | Killed Aizul
 36583 | Snake:3  | Found Gojacieh's Jewellery Shoppe.
 36584 | Snake:3  | Found Zeakicw's Book Shop.
 36585 | Snake:3  | Found Vor Coug's Jewellery Shoppe.
 36662 | Snake:3  | Upgraded the game from 0.30-a0-919-g9323dee000 to
                  | 0.30-a0-923-g828ccac5a3
 36946 | Snake:3  | Found a burning altar of Makhleb.
 37467 | Snake:4  | Entered Level 4 of the Snake Pit
 37801 | Snake:4  | Noticed Roxanne
 38233 | Snake:4  | Found Asumemoxao's General Store.
 38269 | Snake:4  | Reached XP level 18. HP: 115/120 MP: 16/36
 39116 | Snake:4  | Learned a level 4 spell: Ice Form
 39216 | Snake:4  | Identified the cursed +0 helmet of the Elysian Seer {Bglg,
                  | Evo} (You found it on level 10 of the Dungeon)
 39216 | Snake:4  | Identified the cursed +0 pair of boots of Ashenzari's Yoke
                  | {Cun, Evo} (You found it on level 6 of the Dungeon)
 39216 | Snake:4  | Identified the cursed +0 tower shield of Curses and Power
                  | {Self, Melee} (You found it on level 8 of the Dungeon)
 39216 | Snake:4  | Identified the cursed +2 leather armour of Ashenzari's
                  | Vision {rF+, Fort, Comp} (You found it on level 6 of the
                  | Dungeon)
 39374 | Snake:4  | Reached skill level 10 in Stealth
 39559 | Snake:4  | Got a serpentine rune of Zot
 39967 | Snake:2  | Bought a scroll of blinking for 285 gold pieces
 40062 | Slime:1  | Entered Level 1 of the Pits of Slime
 40206 | Slime:1  | Learned a level 5 spell: Plasma Beam
 42524 | Slime:2  | Paralysed by a floating eye for 2 turns
 42525 | Slime:2  | Gained mutation: You are clumsy. (Dex -2) [a shining eye]
 42528 | Slime:3  | Paralysed by a floating eye for 2 turns
 42662 | Slime:3  | Paralysed by a floating eye for 4 turns
 42670 | Slime:3  | Reached skill level 5 in Fire Magic
 42773 | Slime:2  | Gained mutation: You are frail. (-10% HP) [a shining eye]
 42774 | Slime:2  | Gained mutation: Your magical capacity is low. (-10% MP) [a
                  | shining eye]
 42777 | Slime:3  | Gained mutation: You are dopey. (Int -2) [a shining eye]
 42778 | Slime:3  | Gained mutation: You are very frail. (-20% HP) [a shining
                  | eye]
 44151 | Slime:5  | Entered Level 5 of the Pits of Slime
 44154 | Slime:5  | Reached XP level 19. HP: 100/100 MP: 22/33
 44939 | Slime:4  | Lost mutation: You are dopey. (Int -2) [potion of mutation]
 44939 | Slime:4  | Lost mutation: You are very frail. (-20% HP) [potion of
                  | mutation]
 44939 | Slime:4  | Gained mutation: You are weak. (Str -2) [potion of
                  | mutation]
 44940 | Slime:4  | Lost mutation: Your magical capacity is low. (-10% MP)
                  | [potion of mutation]
 44940 | Slime:4  | Lost mutation: You are weak. (Str -2) [potion of mutation]
 44940 | Slime:4  | Lost mutation: You are clumsy. (Dex -2) [potion of
                  | mutation]
 44940 | Slime:4  | Gained mutation: You occasionally shout uncontrollably at
                  | your foes. [potion of mutation]
 44940 | Slime:4  | Gained mutation: You are agile. (Dex +4, Str/Int -1)
                  | [potion of mutation]
 44940 | Slime:4  | Gained mutation: Your movements are slightly less
                  | encumbered by armour. (ER -2) [potion of mutation]
 44941 | Slime:4  | Lost mutation: You are frail. (-10% HP) [potion of
                  | mutation]
 44941 | Slime:4  | Lost mutation: You are agile. (Dex +4, Str/Int -1) [potion
                  | of mutation]
 44941 | Slime:4  | Lost mutation: Your movements are slightly less encumbered
                  | by armour. (ER -2) [potion of mutation]
 44941 | Slime:4  | Gained mutation: Armour fits poorly on your strangely
                  | shaped body. [potion of mutation]
 44941 | Slime:4  | Gained mutation: You are covered in fur. (AC +1) [potion of
                  | mutation]
 45277 | Slime:5  | Gained mutation: You are vulnerable to heat. (rF-) [a
                  | shining eye]
 45431 | Slime:5  | Noticed the Royal Jelly
 45756 | Slime:4  | Gained mutation: You are dopey. (Int -2) [a shining eye]
 45760 | Slime:4  | Lost mutation: Armour fits poorly on your strangely shaped
                  | body. [a shining eye]
 45761 | Slime:4  | Gained mutation: You are vulnerable to cold. (rC-) [a
                  | shining eye]
 45763 | Slime:4  | Gained mutation: Your magical capacity is low. (-10% MP) [a
                  | shining eye]
 45767 | Slime:4  | Gained mutation: Your magical capacity is very low. (-20%
                  | MP) [a shining eye]
 45770 | Slime:4  | Gained mutation: Your body sometimes deteriorates upon
                  | taking damage. [a shining eye]
 45771 | Slime:4  | Gained mutation: You do not regenerate when monsters are
                  | visible. [a shining eye]
 45784 | Slime:4  | Gained mutation: You have hidden genetic defects. [a
                  | shining eye]
 45931 | Slime:4  | Found a viscous altar of Jiyva.
 46475 | Slime:5  | Found a viscous altar of Jiyva.
 46475 | Slime:5  | Found the +6 arbalest "Damnation" {damnation}
 46475 | Slime:5  | Identified the staff of poison "Tofygirr" {rElec rPois
                  | Will- Dex-2 SInv}
 46475 | Slime:5  | Found the +3 warlock's mirror {omnireflect}
 46475 | Slime:5  | Identified the staff of conjuration "Failylli" {Will+}
 46475 | Slime:5  | Identified the +2 leather armour "Zettuy" {-Tele rElec MP+9
                  | Dex+3}
 46475 | Slime:5  | Identified the scarf of Gravitas {repulsion, Will+++ rCorr
                  | Int-4}
 46476 | Slime:5  | Identified the orb of Focus {guile, rPois Str-2 Int+2}
 46523 | Slime:5  | Learned a level 2 spell: Call Imp
 46608 | Slime:5  | Annihilated by an azure jelly

Illustrated notes

Levels and vault maps discovered:
D:1:      wander_arrival_abandoned_jail, layout_basic, serial_shops,
          nicolae_shop_bloodbath_and_beyond, hangedman_decor_slide_cut,
          minmay_shallow_snake_nest
D:2:      layout_rooms, minmay_misc_feat_more_columns, uniq_jessica
D:3:      layout_rooms, lemuel_tele_altar, nicolae_ashenzari_skybound
D:4:      layout_gridville
D:5:      layout_rooms, mainiacjoe_overflow_small_starburst, serial_shops, shop,
          nicolae_ossuary_entry_plus
D:6:      layout_basic, minmay_temple_entry_purple_smoke, uniq_duvessa
D:7:      layout_loops_corners
D:8:      layout_loops_ring, erik_lair_island, uniq_maggie
D:9:      layout_long_grid, zombieorc1_lemuel, amethyst_killhole
D:10:     lemuel_ice_spiral_2, layout_irregular_city,
          nicolae_overflow_hidden_temple,
          chequers_temple_overflow_statue_of_worship, serial_shops,
          nicolae_shop_hallway_stairs, introduction_to_nature_1, uniq_nergalle,
          uniq_grum
D:11:     cheibrodos_lost_city_excavation, layout_loops_cross,
          gammafunk_ghost_berserking_beasts, nicolae_hepliaklqana_hazy_memory
D:12:     layout_stronghold, lemuel_flamethrower_1
D:13:     due_chaos_kobolds, layout_loops_cross,
          skrybe_vaults_entry_preservation, serial_shops,
          nicolae_shop_advertising_works [nicolae_subvault_shop_adworks],
          uniq_jorgrun
D:14:     layout_roguey, nicolae_trove_entry_diagonal
D:15:     grunt_enter_depths_snipers, layout_loops_ring,
          grunt_dithmenos_smoke_and_mirrors, gauntlet_entry_generic,
          serial_shops, shop, minmay_quadrilaterals
Temple:   hellmonk_temple_divided_pantheon
Lair:1:   layout_regular_city, basic_altar, st_stairs_12, minivault_24,
          minmay_shattered_shrine
Lair:2:   layout_roguey, basic_altar, serial_rivers,
          chequers_serial_rivers_small_3, chequers_serial_rivers_large_a,
          chequers_serial_rivers_small_3, chequers_serial_rivers_micro_a,
          chequers_serial_rivers_micro_c, nicolae_quartered_pool_super
Lair:3:   layout_cave_shapes, elwin_shoals_entry_rooms,
          minmay_snake_entry_six_corridors, nicolae_volcano_entry_lava_flow,
          beast_lair_carwin_1
Lair:4:   layout_misc_corridors, slime_entry_1, chequers_serial_rivers_room_a,
          uniq_kirke
Lair:5:   hangedman_lair_caniforms_friends, layout_cave_pods,
          hangedman_lair_tendril_chambers, basic_altar,
          infiniplex_staircase_pool_2
Snake:1:  layout_cave_pods, nicolae_snake_serpentine_hallways,
          grunt_megastairs_1
Snake:2:  layout_cave_shapes, ebering_ghost_gozag, uniq_vashnia
Snake:3:  cheibrodos_snake_ritualist_ritual, layout_gridlike, basic_altar,
          minmay_shop_grove, uniq_aizul
Snake:4:  snake_pit, layout_rooms, serial_shops, shop, uniq_roxanne
Slime:1:  layout_caves
Slime:2:  layout_caves
Slime:3:  layout_caves
Slime:4:  cheibrodos_slime_lost_civilization_9, layout_caves, basic_altar
Slime:5
Orc:1:    layout_diamond_mine, serial_shops, shop, nicolae_diamond_shop, shop,
          nicolae_shop_trees
Orc:2:    st_orc_town, layout_caves, hangedman_feature_mirror, uniq_erolcha

Skill      XL: |  1  2  3  4  5  6  7  8  9 10 11 12 13 14 15 16 17 18 19 |
---------------+----------------------------------------------------------+-----
Transmutations | 1 |  1.0
Dodging        | 2 3 4 5 6 7 8 9 |  9.6
Earth Magic    | 4 5 7 8 9 10 | 10.1
Stealth        | 3 4 5 6 7 8 9 10 | 10.1
Conjurations   | 1 2 3 5 6 7 8 9 10 11 12 | 12.0
Spellcasting   | 3 4 5 6 10 | 10.5
Armour         | 3 5 6 7 8 9 10 11 | 11.6
Shields        | 3 5 6 7 8 9 10 11 | 11.8
Summonings     | 1 2 |  2.1
Short Blades   | 1 2 4 5 6 7 8 |  8.5
Necromancy     | 1 2 3 4 |  4.5
Fighting       | 2 5 8 10 11 12 | 12.6
Translocations | 2 4 5 6 7 |  7.6
Hexes          | 1 2 |  2.2
Air Magic      | 2 4 5 6 8 9 |  9.7
Ice Magic      | 3 4 |  4.4
Fire Magic     | 2 6 8 |  8.5

Action                     |  1- 3 |  4- 6 |  7- 9 | 10-12 | 13-15 | 16-18 | 19-21 || total
---------------------------+-------+-------+-------+-------+-------+-------+-------++-------
  Melee: Unarmed           |    27 |       |     8 |       |       |       |       ||    35
         Short sword       |       |       |    28 |    14 |   121 |    11 |       ||   174
         Dagger            |       |       |       |       |       |   257 |    41 ||   298
  Throw: Dart              |       |       |     5 |     1 |       |       |       ||     6
   Cast: Sandblast         |    49 |    63 |   169 |   245 |   760 |   518 |    23 ||  1827
         Stone Arrow       |       |       |    61 |    47 |   138 |   219 |       ||   465
         Passwall          |       |       |       |     4 |     1 |     5 |       ||    10
         Arcjolt           |       |       |       |       |    84 |    77 |     9 ||   170
         Swiftness         |       |       |       |       |     1 |       |     1 ||     2
         Petrify           |       |       |       |       |       |     1 |       ||     1
         Freezing Cloud    |       |       |       |       |       |    73 |     3 ||    76
         Plasma Beam       |       |       |       |       |       |    50 |    61 ||   111
         Ice Form          |       |       |       |       |       |     1 |       ||     1
         Call Imp          |       |       |       |       |       |       |     1 ||     1
         Hailstorm         |       |       |       |       |       |       |     1 ||     1
 Invoke: Curse Item        |       |       |     1 |     4 |     4 |     4 |       ||    13
         Shatter the Chain |       |       |       |       |     1 |     2 |     1 ||     4
  Evoke: Wand              |       |       |     4 |       |       |       |       ||     4
    Use: Scroll            |       |       |    11 |       |     3 |     5 |     6 ||    25
         Potion            |       |       |     3 |     3 |    13 |    11 |     7 ||    37
   Stab: Distracted        |       |       |       |       |       |     1 |       ||     1
 Armour: Robe              |    14 |    14 |    42 |       |       |       |       ||    70
         Leather armour    |       |       |    59 |    65 |   415 |   253 |    65 ||   857
  Dodge: Dodged            |    36 |    27 |   103 |    98 |   479 |   249 |    54 ||  1046
  Block: Kite shield       |       |       |    18 |   102 |   616 |       |       ||   736
         Tower shield      |       |       |       |       |    80 |   892 |   175 ||  1147
         Reflection        |       |       |       |       |     9 |   156 |     2 ||   167

Table legend: (Time is in decaauts)
 A = Elapsed time spent in this place.
 B = Non-inter-level travel time spent in this place.
 C = Inter-level travel time spent in this place.
 D = Time resting spent in this place.
 E = Time spent auto-exploring this place.
 F = Levels seen in this place.
 G = Mean time per level.
                   A        B        C        D        E       F      G
               +--------+--------+--------+--------+--------+-----+--------+
         Total |  47577 |  44109 |   3468 |    504 |  32398 |  35 | 1359.3 |
       Dungeon |  19500 |  17400 |   2100 |    203 |  13040 |  15 | 1300.0 |
        Temple |      9 |      9 |      0 |      0 |      0 |   1 |    9.0 |
          Lair |   8384 |   7882 |    502 |     40 |   5737 |   5 | 1676.8 |
     Snake Pit |   8059 |   7719 |    340 |      0 |   5819 |   4 | 2014.8 |
    Slime Pits |   6548 |   6158 |    390 |     37 |   4742 |   5 | 1309.6 |
  Orcish Mines |   2632 |   2498 |    134 |      0 |   1899 |   2 | 1316.0 |
       Ossuary |    633 |    633 |      0 |    224 |    270 |   1 |  633.0 |
       Volcano |   1025 |   1025 |      0 |      0 |    611 |   1 | 1025.0 |
      Gauntlet |    783 |    783 |      0 |      0 |    280 |   1 |  783.0 |
               +--------+--------+--------+--------+--------+-----+--------+

Top non-repeatable levels by time:
  Lair:5: 3253 daAuts
 Snake:2: 2737 daAuts
 Snake:4: 2481 daAuts
 Slime:4: 2224 daAuts
     D:9: 2152 daAuts
   Orc:2: 2014 daAuts
    D:10: 1988 daAuts
     D:7: 1782 daAuts
 Slime:3: 1686 daAuts
     D:4: 1607 daAuts
 Snake:1: 1529 daAuts
     D:8: 1461 daAuts
 Slime:1: 1460 daAuts
  Lair:1: 1431 daAuts
    D:11: 1420 daAuts
